AoeStats
← Sakhta

Black Forest

507718535Analyzed
4v4 RM · 13d ago on Sep 19, 2026· 43m 37s· 8 players
Game mode
Random Map
Map size
Large (8 player)
Population
200
Speed
Normal
Resources
Standard
Victory
Conquest
Starting age
Dark Age
Ending age
Imperial Age
RankedLock teamsTeams togetherTeam positionsShared explorationLock speedFull tech treeHidden civsTurbo modeCheats
Victory
Defeat
🇩🇪 Hindustanis · Germany
1241
+13
🇷🇺 Khmer · Russia
1240
+13
🇨🇳 Dravidians · China
1157
+16
🇨🇳 Persians · China
1136
+17
🇰🇬 Hindustanis · Kyrgyzstan
1233
-18
🇬🇷 Huns · Greece
1159
-14
🇪🇸 Bulgarians · Spain
1140
-14
🇸🇰 Spanish · Slovakia
1132
-13
DANERID
0:26 Loom
11:56 Feudal Age
17:27 Castle Age
15:23 Horse Collar
15:49 Scale Mail Armor
16:35 Forging
17:36 Pikeman
19:38 Iron Casting
19:43 Chain Mail Armor
20:42 Squires
21:07 Double-Bit Axe
22:20 Wheelbarrow
24:00 Gold Mining
28:47 Gold Shaft Mining
30:50 Stone Mining
33:37 Imperial Age
32:23 Bloodlines
32:14 Husbandry
33:17 Fletching
33:33 Scale Barding Armor
33:57 Bow Saw
33:50 Heavy Plow
34:54 Conscription
35:37 Blast Furnace
35:07 Plate Mail Armor
boo
10:58 Feudal Age
14:36 Castle Age
13:43 Double-Bit Axe
13:40 Horse Collar
15:38 Bow Saw
15:49 Heavy Plow
25:00 Wheelbarrow
29:44 Imperial Age
27:34 Hand Cart
27:44 Scale Barding Armor
27:40 Scale Mail Armor
27:52 Forging
28:08 Husbandry
28:26 Bloodlines
28:52 Caravan
30:00 Chain Barding Armor
29:55 Chain Mail Armor
30:17 Iron Casting
29:48 Light Cavalry
29:52 Cavalier
31:36 Plate Barding Armor
30:52 Loom
31:28 Town Watch
31:12 Paladin
34:22 Blast Furnace
Emilio
0:40 Loom
12:20 Feudal Age
12:34 Feudal Age
12:46 Double-Bit Axe
21:14 Castle Age
20:14 Fletching
22:39 Bodkin Arrow
35:17 Imperial Age
36:32 Conscription
37:38 Gold Mining
37:35 Pikeman
38:16 Squires
38:45 Halberdier
40:21 Block Printing
41:12 Forging
41:02 Scale Mail Armor
43:02 Theocracy
French Connection
10:57 Feudal Age
15:44 Castle Age
13:52 Double-Bit Axe
13:59 Gold Mining
15:00 Stone Mining
14:52 Horse Collar
16:41 Wheelbarrow
17:58 Loom
27:13 Imperial Age
25:54 Hand Cart
26:13 Bow Saw
27:31 Gold Shaft Mining
27:20 Heavy Camel Rider
29:43 Chemistry
29:25 Bloodlines
29:25 Husbandry
29:36 Forging
30:09 Scale Barding Armor
31:25 Chain Barding Armor
33:13 Plate Barding Armor
33:14 Iron Casting
33:13 Ballistics
32:47 Fletching
32:57 Padded Archer Armor
33:53 Imperial Camel Rider
36:30 Blast Furnace
35:25 Bodkin Arrow
35:55 Caravan
35:52 Bodkin Arrow
35:57 Scale Mail Armor
37:43 Chain Mail Armor
37:28 Bracer
37:44 Fervor
37:50 Block Printing
39:14 Illumination
41:43 Stone Shaft Mining
Sahiro
1:14 Loom
11:11 Feudal Age
12:43 Double-Bit Axe
15:04 Castle Age
12:53 Horse Collar
15:28 Town Watch
16:58 Bow Saw
16:51 Heavy Plow
27:04 Gold Mining
27:05 Stone Mining
27:12 Stone Mining
27:50 Masonry
31:02 Imperial Age
29:25 Scale Barding Armor
30:09 Bloodlines
29:59 Husbandry
30:41 Chain Barding Armor
30:32 Forging
31:38 Wheelbarrow
32:53 Chemistry
32:48 Plate Barding Armor
32:49 Iron Casting
31:38 Heavy Camel Rider
33:31 Siege Engineers
33:47 Ballistics
34:16 Gold Shaft Mining
34:25 Imperial Camel Rider
40:28 Grand Trunk Road
40:48 Conscription
40:48 Hand Cart
40:36 Town Patrol
Sakhta
3:31 Loom
12:00 Feudal Age
15:36 Castle Age
14:51 Double-Bit Axe
15:19 Horse Collar
17:26 Bow Saw
17:19 Heavy Plow
20:03 Wheelbarrow
22:03 Hand Cart
21:37 Town Watch
22:53 Gold Mining
23:42 Fletching
26:42 Town Patrol
30:51 Imperial Age
28:33 Scale Barding Armor
28:39 Forging
30:13 Ballistics
30:32 Gold Shaft Mining
30:18 Fortified Wall
31:09 Bloodlines
31:00 Husbandry
31:25 Capped Ram
33:35 Bodkin Arrow
AJ老师
0:29 Loom
12:03 Feudal Age
17:36 Castle Age
15:37 Horse Collar
17:04 Double-Bit Axe
17:43 Gold Mining
17:43 Stone Mining
19:12 Bow Saw
21:44 Wheelbarrow
25:26 Stone Mining
27:21 Heavy Plow
28:01 Hand Cart
32:52 Imperial Age
31:45 Forging
31:40 Scale Barding Armor
32:14 Gold Shaft Mining
32:17 Stone Shaft Mining
32:30 Bloodlines
32:20 Husbandry
33:48 Iron Casting
33:33 Chain Barding Armor
32:40 Elite War Elephant
37:09 Devotion
38:16 Two-Man Saw
37:47 Crop Rotation
38:47 Faith
39:27 Hoardings
40:37 Conscription
43:50 Caravan
Mars'plants
12:18 Feudal Age
16:17 Castle Age
14:26 Double-Bit Axe
14:31 Horse Collar
19:34 Loom
20:25 Wheelbarrow
21:23 Bow Saw
21:20 Heavy Plow
25:02 Hand Cart
24:32 Town Watch
26:15 Gold Mining
30:17 Imperial Age
28:34 Forging
28:25 Scale Mail Armor
27:57 Man-at-Arms
28:23 Gambesons
28:52 Long Swordsman
28:53 Pikeman
29:33 Squires
29:18 Arson
30:27 Iron Casting
30:10 Chain Mail Armor
31:18 Conscription
31:19 Wootz Steel
32:17 Two-Man Saw
32:27 Blast Furnace
30:57 Halberdier
30:57 Two-Handed Swordsman
32:51 Plate Mail Armor
32:20 Champion
Connection lost

Rejoining the realm…

Still unreachable

The connection could not be restored.

Session expired

The server has moved on; the page needs a fresh start.